 Dungeon Crawl Stone Soup version 0.20.0-8-g6b59dc7 (webtiles) character file.

81 Darkell the Covered (level 4, -6/42 HPs)
             Began as a Deep Dwarf Fighter on May 30, 2017.
             Mangled by Sigmund
             ... wielding a +2 scythe of flaming
              (7 damage)
             ... on level 2 of the Dungeon.
             The game lasted 00:01:27 (1385 turns).

Darkell the Covered (Deep Dwarf Fighter)            Turns: 1385, Time: 00:01:28

Health: -6/42      AC:  7    Str: 21    XL:     4   Next: 20%
Magic:  4/4        EV:  7    Int:  8    God:
Gold:   54         SH:  9    Dex: 12    Spells: 3/3 levels left

rFire    x . .     SeeInvis .   a - +0 war axe
rCold    + . .     Gourm    .   c - +0 shield
rNeg     . . .     Faith    .   b - +0 scale mail
rPois    .         Spirit   .   (no helmet)
rElec    .         Reflect  .   (no cloak)
rCorr    .         Harm     .   (no gloves)
MR       +....                  (no boots)
Stlth    ..........             m - amulet of rage
Regen    0.0/turn               r - ring of protection from magic
MPRegen  0.1/turn               s - ring of ice

@: berserk cooldown, non-regenerating, slowed, very slow
A: damage resistance, heal wounds, sense surroundings 1, no regeneration
a: Heal Wounds, Evoke Berserk Rage


You were on level 2 of the Dungeon.
You were hungry.

You visited 1 branch of the dungeon, and saw 2 of its levels.

You collected 54 gold pieces.

Inventory:

Hand Weapons
 a - a +0 war axe (weapon)
Armour
 b - a +0 scale mail (worn)
 c - a +0 shield (worn)
Jewellery
 m - an amulet of rage (around neck)
 r - a ring of protection from magic (left hand)
 s - a ring of ice (right hand)
Scrolls
 e - a scroll of fear {unknown}
 i - 2 scrolls of identify {unknown}
 k - a scroll of remove curse {unknown}
 l - a scroll of magic mapping {unknown}
 n - 2 scrolls of amnesia {unknown}
 q - a scroll of random uselessness {unknown}
Potions
 d - a potion of might
 h - a potion of magic {unknown}
 j - 2 potions of agility {unknown}
 o - a potion of lignification {unknown}
Comestibles
 f - a bread ration
 g - a royal jelly


   Skills:
 + Level 3.3 Fighting
 + Level 3.4 Axes
 + Level 3.7 Armour
 + Level 0.4 Dodging
 + Level 3.6 Shields


You had 3 spell levels left.
You didn't know any spells.

Dungeon Overview and Level Annotations

Branches:
Dungeon (2/15)

Altars:
Elyvilon

Annotations:
D:2 Sigmund


Innate Abilities, Weirdness & Mutations

You are resistant to damage.
You can heal yourself by infusing magical energy.
You passively map a small area around you.
You do not regenerate.


Message History

Something hits you.
* * * LOW HITPOINT WARNING * * *
Something burns you.
Things that are here:
a club; a goblin corpse You closely miss something.
You hear a zap.
A puff of flame appears from out of thin air!
The puff of flame hits you! The fire burns you terribly!
* * * LOW HITPOINT WARNING * * *
You closely miss something. Something hits you but does no damage.
You closely miss something. You miss something. You block something's attack.
You closely miss something. Something hits you. Something burns you.
You miss something. You miss something.
You are no longer berserk.
You are exhausted.
You feel yourself slow down. Something hits you!
You die...

♣≈≈...#. ####* #....#
≈≈≈.......#..... .....#⌠
≈≈...####........ .....##
....##........... #....(##
,
.................>..>....##
...............##.#........
...............##..........
*
.....##...>.....###........
................@{.........
........#......###.........
...............#######.....
........#...........*
.....* .....<.........#....
.### .....#...............,
# .#.####..............,*
....###."...###......
#....###.##..........


There were no monsters in sight!

Vanquished Creatures
  Jessica (D:2)
  An adder (D:2)
  A worm (D:1)
  2 dart slugs
  A leopard gecko (D:1)
  2 bats
  6 goblins
  9 hobgoblins
  5 kobolds
  5 frilled lizards
  4 rats
37 creatures vanquished.

Notes
Turn   | Place    | Note
-------+----------+-------------------------------------------
     0 | D:1      | Darkell the Deep Dwarf Fighter began the quest for the Orb.
     0 | D:1      | Reached XP level 1. HP: 20/20 MP: 1/1
   207 | D:1      | Reached XP level 2. HP: 27/27 MP: 2/2
   682 | D:1      | Reached XP level 3. HP: 31/34 MP: 3/3
  1088 | D:2      | Found a white marble altar of Elyvilon.
  1138 | D:2      | Noticed Jessica
  1162 | D:2      | Killed Jessica
  1162 | D:2      | Reached XP level 4. HP: 30/42 MP: 4/4
  1358 | D:2      | Noticed Sigmund
  1371 | D:2      | HP: 1/42 [something (2)]
  1379 | D:2      | HP: 1/63 [something/wand of flame (?/48) (8)]
  1385 | D:2      | Mangled by Sigmund

Skill      XL: |  1  2  3 |
---------------+----------+-----
Fighting       | 3 |  3.3
Axes           | 3 |  3.4
Armour         | |  3.7
Dodging        | |  0.4
Shields        | |  3.6

Action                   |  1- 3 |  4- 6 || total
-------------------------+-------+-------++-------
Melee: War axe           |    76 |    32 ||   108
 Abil: Heal Wounds       |       |     1 ||     1
       Evoke Berserk Rag |       |     1 ||     1
  Eat: Chunk             |       |     2 ||     2
Armor: Scale mail        |    31 |     9 ||    40
Dodge: Dodged            |    25 |     2 ||    27
Block: Shield            |    38 |    22 ||    60
